 Dungeon Crawl Stone Soup version 0.27.0-1-g7a089689b8 (webtiles) character file.

Game seed: 12107976211274177896

15 dtburroughs the Skirmisher (level 2, 0/40 HPs)
             Began as a Minotaur Berserker on Aug 3, 2021.
             Was a Follower of Trog.
             Slain by an orc priest (2 damage)
             ... on level 2 of the Dungeon.
             The game lasted 00:00:44 (1076 turns).

dtburroughs the Skirmisher (Minotaur Berserker)     Turns: 1076, Time: 00:00:45

Health: 0/40       AC:  2    Str: 21    XL:     2   Next: 34%
Magic:  1/1        EV: 12    Int:  4    God:    Trog [*.....]
Gold:   24         SH:  0    Dex:  9    Spells: 1/1 levels left

rFire    . . .     SeeInvis .   a - +0 hand axe
rCold    . . .     Faith    .   (no shield)
rNeg     . . .     Spirit   .   b - +0 animal skin
rPois    .         Reflect  .   (helmet restricted)
rElec    .         Harm     .   (no cloak)
rCorr    .         Rampage  .   (no gloves)
Will     .....                  (no boots)
Stlth    ..........             (no amulet)
HPRegen  0.13/turn              (no ring)
MPRegen  0.07/turn              (no ring)

@: berserking (expiring), very quick
A: horns 2, retaliatory headbutt
a: Renounce Religion, Berserk


You were on level 2 of the Dungeon.
You worshipped Trog.
Trog was aware of your devotion.
You visited 1 branch of the dungeon, and saw 2 of its levels.

You collected 24 gold pieces.

Inventory:

Hand Weapons
 a - a +0 hand axe (weapon)
Armour
 b - a +0 animal skin (worn)
Jewellery
 e - a +4 ring of slaying
Scrolls
 f - a scroll of amnesia {unknown}
 h - a scroll of enchant armour {unknown}
Potions
 c - a potion of heal wounds {unknown}
 d - a potion of resistance {unknown}
 g - a potion of might {unknown}
 i - a potion of ambrosia {unknown}
 j - a potion of attraction {unknown}


   Skills:
 + Level 3.9 Fighting
 + Level 3.9 Axes
 + Level 2.8 Armour
 + Level 2.5 Dodging


You had one spell level left.
You didn't know any spells.
Your spell library was empty.

Dungeon Overview and Level Annotations

Branches:
Dungeon (2/15)

Altars:

Shops:
D:1 :


Innate Abilities, Weirdness & Mutations

You have a pair of horns on your head.
You reflexively headbutt those who attack you in melee.


Message History

You hear a shout!
The orc misses you. The orc hits you with a +0 dagger.
You hit the orc but do no damage. The orc hits you with a +0 dagger.
You barely miss the orc. The orc barely misses you. You furiously retaliate!
You headbutt the orc!
You kill the orc!
Trog accepts your kill.
Things that are here:
a +0 dagger; a +0 chain mail of positive energy; an orc corpse
Okay, then.
An orc comes into view. It is wielding a +0 whip.
The orc hits you with a +0 hand axe.
You completely miss the orc.
The orc shouts!
A goblin comes into view. It is wielding a +0 dagger.
The orc priest barely misses you. The orc barely misses you.
You barely miss the orc priest. You barely miss the orc.
The orc hits you with a +0 hand axe. The orc priest closely misses you.
Okay, then.
Unknown command.
The orc priest looks braver for a moment.
The orc priest begins to cast a cantrip, but forgets the words!
The orc hits you but does no damage.
A red film seems to cover your vision as you go berserk!
You feel yourself moving faster!
You feel mighty! The orc barely misses you.
You closely miss the orc.
The orc priest calls down the wrath of Beogh upon you.
Beogh smites you!
You closely miss the orc. The orc hits you with a +0 hand axe.
You hit the orc.
The orc is severely wounded.
The orc hits you with a +0 hand axe.
The orc priest calls down the wrath of Beogh upon you.
Beogh smites you!
* * * LOW HITPOINT WARNING * * *
You slash the orc!
You kill the orc!
Trog accepts your kill. The orc priest hits you with a +0 mace.
You die...

### #.# #)####
#....#
############o##.#..
#.........@ogo....#
#.###########.#...#
#.# .# ....
######.# .$ ###.
#[.....# ...
##......# ...
........# ....
........# ...(.##.#


You could see an orc priest, 2 orcs and a goblin.

Vanquished Creatures
  A worm (D:2)
  2 orcs (D:2)
  An endoplasm (D:2)
  A giant cockroach (D:1)
  2 goblins (D:1)
  A hobgoblin (D:1)
  A rat (D:1)
9 creatures vanquished.

Notes
Turn   | Place    | Note
-------+----------+-------------------------------------------
     0 | D:1      | dtburroughs the Minotaur Berserker began the quest for the
                  | Orb.
     0 | D:1      | Reached XP level 1. HP: 19/19 MP: 0/0
   540 | D:1      | Found Jesyum's Book Emporium.
   706 | D:2      | Reached XP level 2. HP: 7/27 MP: 1/1
  1074 | D:2      | HP: 2/40 [orc priest/divine providence (13)]
  1076 | D:2      | Slain by an orc priest

Illustrated notes

Levels and vault maps discovered:
D:1:      dpeg_arrival_pits, layout_loops_ring, serial_shops,
          nicolae_diamond_shop
D:2:      layout_basic

Action                   || total
-------------------------++-------
Melee: Hand axe          ||    29
       Headbutt          ||     6
Invok: Berserk           ||     1
Armor: Animal skin       ||     5
Dodge: Dodged            ||    14
